 Dungeon Crawl Stone Soup version 0.27-a0-1200-g94dc6ad4cf (webtiles) character file.

Game seed: 532447949420451855

120 freelancePsychic the Grave Robber (level 4, -4/34 HPs)
             Began as a Demonspawn Wanderer on May 31, 2021.
             Slain by Jessica
             ... wielding a +0 club
              (6 damage)
             ... on level 3 of the Dungeon.
             The game lasted 00:07:43 (3751 turns).

freelancePsychic the Grave Robber (DsWn)            Turns: 3751, Time: 00:07:44

Health: -4/34      AC:  3    Str: 11    XL:     4   Next: 75%
Magic:  4/4        EV: 11    Int: 16    God:
Gold:   112        SH:  0    Dex: 12    Spells: 3/3 levels left

rFire    . . .     SeeInvis .   f - +0 dagger (vamp)
rCold    . . .     Faith    .   (no shield)
rNeg     . . .     Spirit   .   l - +0 leather armour
rPois    .         Reflect  .   (no helmet)
rElec    .         Harm     .   (no cloak)
rCorr    .         Rampage  .   (no gloves)
Will     .....                  (no boots)
Stlth    +.........             (no amulet)
HPRegen  0.11/turn              (no ring)
MPRegen  0.09/turn              (no ring)

@: slowed, very slow
A: claws 1
a: no special abilities


You were on level 3 of the Dungeon.
You visited 1 branch of the dungeon, and saw 3 of its levels.

You collected 112 gold pieces.

Inventory:

Hand Weapons
 f - a +0 vampiric dagger (weapon)
Missiles
 e - 5 curare-tipped darts
 h - 3 boomerangs (quivered)
 p - 8 atropa-tipped darts
 r - 3 throwing nets
Armour
 d - a +0 robe
 l - a +0 leather armour (worn)
Wands
 c - a wand of mindburst (4)
Scrolls
 g - a scroll of magic mapping
 j - a scroll of identify {@r1}
 o - a scroll of blinking
Potions
 a - a potion of heal wounds {@q2}
 b - a potion of invisibility {unknown}
 i - a potion of magic {unknown}
 k - 2 potions of might {unknown}
 m - a potion of curing {@q1}


   Skills:
 + Level 2.6 Fighting
 - Level 3.0 Short Blades
 - Level 1.0 Throwing
 + Level 1.4 Dodging
 - Level 1.0 Stealth
 * Level 2.4 Unarmed Combat
 - Level 3.2 Necromancy
 - Level 1.0 Evocations


You had 3 spell levels left.
You didn't know any spells.
Your spell library contained the following spells:

 Spells                   Type           Power      Damage    Failure   Level
 Summon Small Mammal      Summ           0%         N/A       32%         1
 Call Imp                 Summ           0%         N/A       45%         2
 Call Canine Familiar     Summ           0%         N/A       69%         3
 Summon Guardian Golem    Hex/Summ       0%         N/A       69%         3
 Summon Ice Beast         Ice/Summ       0%         N/A       97%         4
 Summon Lightning Spire   Summ/Air       0%         N/A       97%         4


Dungeon Overview and Level Annotations

Branches:
Dungeon (3/15)

Altars:

Annotations:
D:3 Jessica


Innate Abilities, Weirdness & Mutations

You have sharp fingernails.


Message History

Jessica hits you with a +0 club.
You hit Jessica.
You feel better.
Jessica is heavily wounded.
Jessica misses you.
Jessica grins evilly.
Jessica hits you with a +0 club.
You hit Jessica.
You feel better.
Jessica is heavily wounded.
Jessica barely misses you.
You hit Jessica but do no damage.
Jessica is heavily wounded.
Jessica hits you with a +0 club.
You hit Jessica.
You feel better.
Jessica is severely wounded.
Jessica barely misses you. Jessica hits you with a +0 club.
You hit Jessica.
Jessica is severely wounded.
Jessica hits you with a +0 club.
You hit Jessica.
You feel better.
Jessica is almost dead.
Jessica misses you.
You hit Jessica but do no damage.
Jessica is almost dead.
Jessica closely misses you.
Jessica points at you and mumbles some strange words.
You feel yourself slow down.
You barely miss Jessica.
Jessica is almost dead.
Jessica points at you and mumbles some strange words.
Pain shoots through your body!
* * * LOW HITPOINT WARNING * * *
Aiming: Mindburst
Press: ? - help, Shift-Dir - straight line, f - Jessica
Aim: Jessica, wielding a +0 club and wearing a +0 robe (almost dead, fast, chance to affect: 77%) Jessica barely resists.
Jessica points at you and mumbles some strange words.
You barely resist. Jessica hits you with a +0 club.
* * * LOW HITPOINT WARNING * * *
Jessica hits you with a +0 club.
You die...

#.........## #..# #.#
#............ .## #.#+###
............. ...# #......
.............. ##.#### ###..##
#.............######....#
##.##
#.......................# #..#
#... .............##....# #.##
#.# .....#.......#.....# ##.#
..# #.#..#.....@...#.#####..#
.#####.#........@.#.#.......##
.###...#..##......#.####.####
.....##...##......#.## #..#
#.###...####.........####.#
........# #......#....##.#
###.....# #......##......#
##......####......##.##...####
##........##.#######.###.....#


You could see Jessica (fast).

Vanquished Creatures
  3 gnolls (D:2)
  3 adders
  A worm (D:2)
  A dart slug (D:2)
  An orc (D:3)
  7 endoplasms
  A giant cockroach (D:1)
  2 goblins
  3 hobgoblins
  7 jackals
  3 quokkas
  5 ball pythons
  3 bats
  6 frilled lizards
  6 kobolds
  5 rats
57 creatures vanquished.

Notes
Turn   | Place    | Note
-------+----------+-------------------------------------------
     0 | D:1      | freelancePsychic the Demonspawn Wanderer began the quest
                  | for the Orb.
     0 | D:1      | freelancePsychic set off with the following items: a +2
                  | short sword, a potion of curing {@q1}, a scroll of
                  | teleportation {@r4}, a +0 robe
     0 | D:1      | Reached XP level 1. HP: 15/15 MP: 1/1
   118 | D:1      | Gained mutation: You have sharp fingernails. [demonic
                  | ancestry]
   118 | D:1      | Reached XP level 2. HP: 19/21 MP: 2/2
   925 | D:1      | Reached skill level 1 in Unarmed Combat
  1116 | D:2      | Reached XP level 3. HP: 27/27 MP: 3/3
  1917 | D:2      | Reached skill level 1 in Dodging
  2058 | D:2      | Reached XP level 4. HP: 11/34 MP: 4/4
  3179 | D:3      | Noticed Jessica
  3751 | D:3      | Slain by Jessica

Illustrated notes

Levels and vault maps discovered:
D:1:      roderic_chinese_lattice_arrival, layout_rooms,
          minmay_misc_feat_columns, minmay_misc_feat_cross,
          ebering_dispersal_statue_hall, kennysheep_another_room,
          hex_intersection, bh_walls_and_bars
D:2:      layout_loops_ring, hangedman_abyss_or_decor_stabs, minivault_27
D:3:      layout_rooms, general_overflow_altar, nemelex_dance_club_becter,
          grunt_ministairs_13, minmay_fountain_box, minmay_joined_circles,
          uniq_jessica

Skill      XL: |  1  2  3  4 |
---------------+-------------+-----
Short Blades   | 3 |  3.0
Fighting       | 2 |  2.6
Unarmed Combat | 1 2 |  2.4
Dodging        | 1 |  1.4
Throwing       | |  1.0
Stealth        | |  1.0
Necromancy     | |  3.2
Evocations     | |  1.0

Action                   |  1- 3 |  4- 6 || total
-------------------------+-------+-------++-------
Melee: Short sword       |    18 |       ||    18
       Unarmed           |    69 |    57 ||   126
       Dagger            |       |    92 ||    92
       Punch             |       |     3 ||     3
Throw: Dart              |    60 |       ||    60
Evoke: Wand              |       |     1 ||     1
  Use: Scroll            |     2 |     6 ||     8
       Potion            |       |     1 ||     1
 Stab: Sleeping          |     2 |       ||     2
Armor: Robe              |    24 |       ||    24
       Leather armour    |     2 |    28 ||    30
Dodge: Dodged            |    60 |    75 ||   135

Table legend: (Time is in decaauts)
 A = Elapsed time spent in this place.
 B = Non-inter-level travel time spent in this place.
 C = Inter-level travel time spent in this place.
 D = Time resting spent in this place.
 E = Time spent auto-exploring this place.
 F = Levels seen in this place.
 G = Mean time per level.
                   A        B        C        D        E       F      G
               +--------+--------+--------+--------+--------+-----+--------+
         Total |   3732 |   3622 |    110 |   1331 |   1490 |   3 | 1244.0 |
       Dungeon |   3732 |   3622 |    110 |   1331 |   1490 |   3 | 1244.0 |
               +--------+--------+--------+--------+--------+-----+--------+

Top non-repeatable levels by time:
     D:2: 1622 daAuts
     D:1: 1362 daAuts
     D:3: 748 daAuts
